 Dungeon Crawl Stone Soup version 0.31-a0-437-g7cee417757 (webtiles) character file.

Game seed: 11026875884147325099

1299 Bnni the Carver (level 8, -6/64 (73) HPs)
             Began as a Minotaur Fighter on Aug 2, 2023.
             Mangled by a wight
             ... wielding a +2 battleaxe
              (10 damage)
             ... on level 7 of the Dungeon.
             The game lasted 00:05:15 (4583 turns).

Bnni the Carver (Minotaur Fighter)                  Turns: 4583, Time: 00:05:16

HP:   -6/64 (73)    AC: 10    Str: 21    XL:     8   Next: 31%
MP:   7/7           EV:  9    Int:  5    God:
Gold: 253           SH:  0    Dex: 12    Spells: 7/7 levels left

rFire   . . .        s - +5 woodcutter's axe
rCold   + . .        (shield currently unavailable)
rNeg    . . .        w - +1 scale mail {rC+}
rPois   .            (helmet restricted)
rElec   .            (no cloak)
rCorr   .            o - +1 pair of gloves
SInv    .            (no boots)
Will    .....        (no amulet) Stlth
                     (no ring)
HPRegen 0.30/turn    (no ring)
MPRegen 0.10/turn

%: no passive effects
@: heavily drained
A: horns 2, retaliatory headbutt
a: no special abilities


You were on level 7 of the Dungeon.
You visited 1 branch of the dungeon, and saw 7 of its levels.

You collected 253 gold pieces.

Inventory:

Hand Weapons
 a - a +0 long sword
 s - the +5 woodcutter's axe (weapon)
   (You found it on level 5 of the Dungeon)
Missiles
 b - 7 poisoned darts
 l - 7 boomerangs
 q - a throwing net
 v - 2 silver javelins
Armour
 c - a +0 buckler
 o - a +1 pair of gloves (worn)
 w - a +1 scale mail of cold resistance (worn)
Wands
 h - a wand of charming (7)
Scrolls
 f - 2 scrolls of amnesia {unknown}
 i - a scroll of vulnerability {unknown}
 j - 4 scrolls of teleportation
 m - a scroll of enchant armour {unknown}
 p - a scroll of fog {unknown}
 r - a scroll of immolation {unknown}
 t - a scroll of poison
 u - a scroll of butterflies {unknown}
Potions
 d - 3 potions of might
 e - 6 potions of curing
 g - 2 potions of brilliance
 k - a potion of enlightenment
 n - a potion of attraction


   Skills:
 + Level 7.6 Fighting
 * Level 9.8 Long Blades
 - Level 3.6 Armour
 - Level 5.0 Shields


You had 7 spell levels left.
You didn't know any spells.
Your spell library contained the following spells:

 Spells                   Type           Power      Damage    Failure   Level
 Blink                    Tloc           0%         N/A       91%         2
 Lesser Beckoning         Tloc           0%         N/A       91%         2
 Momentum Strike          Conj/Tloc      0%         3d8       91%         2
 Poisonous Vapours        Pois/Air       0%         N/A       91%         2
 Dazzling Flash           Conj/Hex       0%         N/A       99%         3
 Mephitic Cloud           Conj/Pois/Air  0%         N/A       99%         3
 Volatile Blastmotes      Fire/Tloc      0%         2d10      99%         3
 Freezing Cloud           Conj/Ice/Air   0%         6-21      100%        5
 Starburst                Conj/Fire      0%         6d3       100%        6
 Maxwell's Capacitive Co  Air            0%         ∞         100%        8


Dungeon Overview and Level Annotations

Branches:
Dungeon (7/15)
 Temple: D:4-7

Altars:
Kikubaaqudgha
Makhleb
Okawaru
Uskayaw
Wu Jian

Shops:
D:4 :


Innate Abilities, Weirdness & Mutations

You have a pair of horns on your head.
You reflexively headbutt those who attack you in melee.


Message History

A wight comes into view. It is wielding a +2 battleaxe.
The wight hits you with a +0 dire flail.
Your life force feels restored.
You slash the wight!
The wight is heavily damaged.
You barely miss the wight. The wight barely misses you.
The wight hits you with a +0 dire flail!
You hit the wight.
The wight is severely damaged.
You hit the wight but do no damage. The wight closely misses you.
The wight hits you with a +0 dire flail.
You feel drained.
You closely miss the wight. Your headbutt misses the wight.
The wight is severely damaged.
You barely miss the wight. The wight hits you with a +2 battleaxe!
You feel drained.
The wight hits you with a +0 dire flail!
You are too injured to fight recklessly!
The wight hits you with a +0 dire flail!
You feel drained.
You closely miss the wight.
You headbutt the wight, but do no damage.
The wight is severely damaged.
You barely miss the wight. The wight hits you with a +2 battleaxe.
* * * LOW HITPOINT WARNING * * *
You feel drained.
* * * LOW HITPOINT WARNING * * *
The wight hits you with a +0 dire flail.
* * * LOW HITPOINT WARNING * * *
You feel drained.
* * * LOW HITPOINT WARNING * * *
It was a potion of curing.
You feel better. The wight hits you with a +2 battleaxe.
* * * LOW HITPOINT WARNING * * *
The wight hits you with a +0 dire flail.
* * * LOW HITPOINT WARNING * * *
You feel drained.
* * * LOW HITPOINT WARNING * * *
The wight attacks as you move away! The wight hits you with a +2 battleaxe!
You die...

#.# #.#.# #.#
#.#.# #.# #.#.#
#.# #.#.# #.#
#.#.# ##.###.#
#......#
#..#####.#
#z@......#
......)z########
#........
#........#
#.#......#
.........#
..#......#
###......#


You could see 2 wights.

Vanquished Creatures
  An orc warrior (D:6)
  An ice beast (D:6)
  4 black bears
  A centaur (D:5)
  A bullfrog (D:6)
  2 scorpions
  A wight (D:7)
  3 hounds (D:6)
  3 orc priests
  Jessica (D:2)
  2 iguanas (D:6)
  3 gnolls (D:7)
  An adder (D:4)
  2 worms
  2 dart slugs
  25 orcs
  5 endoplasms
  6 giant cockroaches
  7 goblins
  7 hobgoblins
  14 jackals
  3 quokkas
  9 ball pythons
  6 bats
  3 kobolds
  8 rats
121 creatures vanquished.

Notes
Turn   | Place    | Note
-------+----------+-------------------------------------------
     0 | D:1      | Bnni the Minotaur Fighter began the quest for the Orb.
     0 | D:1      | Reached XP level 1. HP: 19/19 MP: 0/0
   148 | D:1      | Reached skill level 3 in Long Blades
   148 | D:1      | Reached XP level 2. HP: 27/27 MP: 1/1
   410 | D:1      | Reached XP level 3. HP: 33/33 MP: 2/2
   856 | D:2      | Noticed Jessica
   861 | D:2      | Killed Jessica
   862 | D:2      | Reached skill level 4 in Long Blades
   862 | D:2      | Reached XP level 4. HP: 40/40 MP: 3/3
  1822 | D:3      | Found a hide-covered altar of Uskayaw.
  2206 | D:4      | Noticed a black bear
  2212 | D:4      | Killed a black bear
  2213 | D:4      | Reached skill level 5 in Long Blades
  2213 | D:4      | Reached XP level 5. HP: 47/47 MP: 4/4
  2214 | D:4      | Reached skill level 5 in Fighting
  2261 | D:4      | Reached skill level 5 in Shields
  2331 | D:4      | Found Ximamer's Book Shop.
  2489 | D:4      | Found a burning altar of Makhleb.
  2606 | D:5      | Entered Level 5 of the Dungeon
  2606 | D:5      | Found the +5 woodcutter's axe
  2617 | D:5      | Reached XP level 6. HP: 41/56 MP: 5/5
  2769 | D:5      | Reached skill level 6 in Long Blades
  2980 | D:5      | Found an ornate altar of the Wu Jian Council.
  3037 | D:5      | Found an ancient bone altar of Kikubaaqudgha.
  3058 | D:5      | Identified the +3 quarterstaff "Gawekoel" {freeze, Will+
                  | Str+2 Int+3 Dex-5}
  3615 | D:6      | Noticed an ice beast
  3624 | D:6      | Killed an ice beast
  3625 | D:6      | Reached skill level 7 in Long Blades
  3625 | D:6      | Reached XP level 7. HP: 59/63 MP: 6/6
  3807 | D:6      | Reached skill level 8 in Long Blades
  4056 | D:6      | Reached skill level 9 in Long Blades
  4056 | D:6      | Reached XP level 8. HP: 73/73 MP: 7/7
  4191 | D:6      | Found an iron altar of Okawaru.
  4583 | D:7      | Mangled by a wight

Illustrated notes

Levels and vault maps discovered:
D:1:      dpeg_arrival_court, layout_loops_cross, minivault_25
D:2:      layout_rooms, uniq_jessica
D:3:      layout_loops_cross, mainiacjoe_overflow_tiny_flanked,
          roderic_lattice_a, minmay_misc_feat_secret_circle
D:4:      layout_cave_pools, marbit_many_paths, serial_shops,
          nicolae_book_shop_shelving, chequers_serial_rivers_micro_a,
          hangedman_decor_push
D:5:      layout_basic, nzn_wu_jian_contemplation, kennysheep_mini
D:6:      layout_basic, mainiacjoe_overflow_chevrons
D:7:      layout_basic, minmay_temple_entry_butterflies

Skill      XL: |  1  2  3  4  5  6  7 |
---------------+----------------------+-----
Long Blades    | 3 4 5 7 9 |  9.8
Fighting       | 4 5 6 7 |  7.6
Shields        | 4 5 |  5.0
Armour         | |  3.6

Action                     |  1- 3 |  4- 6 |  7- 9 || total
---------------------------+-------+-------+-------++-------
  Melee: Long sword        |    72 |   140 |       ||   212
         Headbutt          |     7 |    17 |     8 ||    32
         Battleaxe         |       |    20 |    50 ||    70
  Throw: Dart              |       |     1 |       ||     1
    Use: Scroll            |       |       |     6 ||     6
         Potion            |       |       |     1 ||     1
 Armour: Scale mail        |    38 |       |    12 ||    50
         Plate armour      |       |   122 |    13 ||   135
  Dodge: Dodged            |    44 |    45 |    24 ||   113
  Block: Buckler           |    22 |    32 |       ||    54

Table legend: (Time is in decaauts)
 A = Elapsed time spent in this place.
 B = Non-inter-level travel time spent in this place.
 C = Inter-level travel time spent in this place.
 D = Time resting spent in this place.
 E = Time spent auto-exploring this place.
 F = Levels seen in this place.
 G = Mean time per level.
                   A        B        C        D        E       F      G
               +--------+--------+--------+--------+--------+-----+--------+
         Total |   4628 |   4472 |    156 |      0 |   3752 |   7 |  661.1 |
       Dungeon |   4628 |   4472 |    156 |      0 |   3752 |   7 |  661.1 |
               +--------+--------+--------+--------+--------+-----+--------+

Top non-repeatable levels by time:
     D:5: 976 daAuts
     D:3: 962 daAuts
     D:6: 847 daAuts
     D:1: 815 daAuts
     D:4: 460 daAuts
     D:2: 411 daAuts
     D:7: 154 daAuts
